 Dungeon Crawl Stone Soup version 0.18.1-8-gdd0e5ea (webtiles) character file.

5085 Chiseanne the Thrower (level 10, -1/45 HPs)
             Began as a Spriggan Hunter on May 21, 2016.
             Was an Initiate of Gozag.
             Killed from afar by an orc wizard (11 damage)
             ... with a puff of flame
             ... on level 8 of the Dungeon.
             The game lasted 00:34:14 (7688 turns).

Chiseanne the Thrower (Spriggan Hunter)             Turns: 7688, Time: 00:34:15

Health: -1/45      AC:  7    Str:  6    XL:     10   Next: 31%
Magic:  10/10      EV: 27    Int: 10    God:    Gozag
Gold:   375        SH:  0    Dex: 21    Spells: 0 memorised, 9 levels left

rFire  . . .     SeeInvis +     a - +5 dagger (venom)
rCold  . . .     Gourm    .     g - +2 troll leather armour
rNeg   . . .     Faith    .     (shield restricted)
rPois  .         Spirit   .     (helmet restricted)
rElec  .         Dismiss  .     v - +0 cloak
rCorr  .         Reflect  .     (gloves unavailable)
SustAt .         Harm     .     (boots unavailable)
MR     +....                    (no amulet)
Stlth  +++.......               (no ring)
                                (no ring)

@: lethally poisoned (-1 -> -2), gold aura, very quick, somewhat resistant to
hostile enchantments, fairly stealthy
A: unfitting armour, see invisible, dopey 1, herbivore 3, speed 3, frail 1, low
mp 1, screaming 2, slow metabolism 2, weak 1
a: Potion Petition, Call Merchant, Bribe Branch, Renounce Religion


You were on level 8 of the Dungeon.
You worshipped Gozag.
Gozag was noncommittal.
You were very full.

You visited 2 branches of the dungeon, and saw 9 of its levels.

You collected 4283 gold pieces.
You spent 530 gold pieces at shops.
You paid 3378 gold pieces to Gozag.

Inventory:

Hand Weapons
 a - a +5 dagger of venom (weapon)
 d - a +0 flail of protection
 e - a +2 hunting sling of evasion
 s - a +1 dagger of electrocution
 w - a +2 blowgun
 H - a +2 rapier of venom
 I - a +6 rapier of speed
Missiles
 b - 333 arrows
 i - 64 sling bullets
 l - 11 tomahawks (quivered)
 o - 53 bolts
 t - 29 poisoned needles
 u - 4 needles of confusion
 y - a throwing net {!*}
 A - 185 stones
Armour
 g - a +2 troll leather armour (worn)
 v - a +0 cloak (worn)
Wands
 C - a wand of hasting (6/9)
 F - a wand of iceblast (10/15)
 J - a wand of paralysis (13/24)
 K - a wand of lightning (0/15)
 L - a wand of iceblast (7/15)
Scrolls
 h - 2 scrolls of recharging
 m - a scroll of identify
 q - a scroll of amnesia
 r - 2 scrolls of remove curse
 z - 3 scrolls of teleportation
 B - a scroll of fog
 G - a scroll of enchant armour
Potions
 j - 2 potions of lignification
 k - 3 potions of flight
 n - 5 potions of curing
 x - 5 potions of haste
 D - 3 potions of might
Books
 p - a Fen Folio

   Spells                             Type                      Level
   a - Corpse Rot                     Necromancy                   2
   b - Stone Arrow                    Conjuration/Earth            3
   c - Leda's Liquefaction            Hexes/Earth                  4
   d - Summon Forest                  Summoning/Translocation      5
   e - Hydra Form                     Transmutation                6
   f - Summon Hydra                   Summoning                    7
 E - a book of Alchemy

   Spells                             Type                      Level
   a - Sublimation of Blood           Necromancy                   2
   b - Ignite Poison                  Fire/Transmutation/Poison    3
   c - Petrify                        Transmutation/Earth          4
   d - Alistair's Intoxication        Transmutation/Poison         5
   e - Irradiate                      Conjuration/Transmutation    5
Comestibles
 c - 2 slices of pizza
 f - 6 bread rations


   Skills:
 - Level 5.3 Fighting
 * Level 7.2 Short Blades
 * Level 10.5 Throwing
 + Level 10.3 Dodging
 - Level 5.0 Stealth


You had 9 spell levels left.
You didn't know any spells.

Dungeon Overview and Level Annotations

Branches:
Dungeon (8/15)             Temple (1/1) D:6
   Lair: D:8-11

Altars:
Ashenzari
Cheibriados
Dithmenos
Elyvilon
Fedhas
Gozag
Kikubaaqudgha
Makhleb
Nemelex Xobeh
Okawaru
Pakellas
Qazlal
Ru
Sif Muna
Trog
Vehumet
Xom
Yredelemnul
Zin
The Shining One

Shops:
D:4 [   D:7 (!((

Annotations:
D:4 Grinder


Innate Abilities, Weirdness & Mutations

You are tiny and cannot use many weapons and most armour.
You have supernaturally acute eyesight.
You are a herbivore.
You cover ground extremely quickly.
You need consume almost no food.
You are dopey. (Int -2)
You are frail (-10% HP).
Your magical capacity is low (-10% MP).
You sometimes yell uncontrollably at your foes.
You are weak. (Str -2)


Message History

You feel sick.
The orc priest hits you but does no damage.
You closely miss the orc priest.
The orc priest is heavily wounded.
The orc priest calls down the wrath of Beogh upon you.
Beogh smites you!
* * * LOW HITPOINT WARNING * * *
The orc wizard completely misses you.
You barely miss the orc priest.
The orc priest is heavily wounded.
The orc completely misses you.
You feel sick. The orc priest completely misses you.
Found a scroll of fog.
You hit the orc priest but do no damage.
The orc priest is almost dead.
You kill the orc priest!
The orc wizard casts a spell at you. The puff of flame hits you!
You die...
Your body crumbles into a pile of gold.

...# ...# #####...#
...#...# ..#...#
.######.#...####
........o.......
#######o@##.####
#.........?
########.#.##..##.#
.........#.........
.................>
########.............
..........###.#.#.#..
.########..#.......#
............#.#.#...#
..


You could see an orc wizard and an orc.

Vanquished Creatures
  Pikel (D:4)
  Sigmund (D:3)
  A wyvern (D:7)
  A yak (D:7)
  A human (D:7)
  A hog (D:7)
  Duvessa (D:4)
  A water moccasin (D:5)
  An ice beast (D:5)
  5 orc warriors
  A necrophage (D:7)
  2 phantoms (D:5)
  3 slaves
  6 ogres
  4 centaurs
  2 big kobolds (D:7)
  A wyvern zombie (D:7)
  3 giant frogs
  Dowan (D:5)
  2 scorpions
  2 howler monkeys
  A giant frog zombie (D:5)
  3 hounds
  A jelly (D:7)
  3 centaur zombies
  7 orc priests
  A giant frog skeleton (D:5)
  4 gnoll shamans (D:7)
  Terence (D:3)
  3 iguanas
  6 worker ants
  10 orc wizards
  2 sheep (D:7)
  A killer bee zombie (D:7)
  A hound skeleton (D:4)
  8 gnolls (D:7)
  5 adders
  3 shadow imps
  3 worms
  4 dart slugs
  4 giant geckos
  24 orcs
  9 bats
  4 giant cockroaches
  7 goblins
  4 hobgoblins
  7 jackals
  3 kobolds
  4 quokkas
  2 ball pythons
  4 giant newts
  12 rats
192 creatures vanquished.

Vanquished Creatures (others)
  An orc (D:4)
  2 fungi (D:6)
3 creatures vanquished.

Grand Total: 195 creatures vanquished

Notes
Turn   | Place    | Note
--------------------------------------------------------------
     0 | D:1      | Chiseanne the Spriggan Hunter began the quest for the Orb.
     0 | D:1      | Reached XP level 1. HP: 10/10 MP: 2/2
   163 | D:1      | Reached XP level 2. HP: 14/14 MP: 3/3
   175 | D:1      | Reached skill level 1 in Short Blades
   357 | D:1      | Reached XP level 3. HP: 18/18 MP: 4/4
   836 | D:1      | Gained mutation: Your magical capacity is low (-10% MP). [potion of mutation]
   836 | D:1      | Gained mutation: You are weak. (Str -2) [potion of mutation]
   836 | D:1      | Gained mutation: You occasionally shout uncontrollably at your foes. [potion of mutation]
  1463 | D:3      | Noticed Terence
  1528 | D:3      | Noticed a giant frog
  1644 | D:3      | Killed a giant frog
  1644 | D:3      | Reached skill level 5 in Throwing
  1644 | D:3      | Reached XP level 4. HP: 12/22 MP: 4/4
  1685 | D:3      | Noticed Sigmund
  1762 | D:3      | Found a shattered altar of Ashenzari.
  1880 | D:3      | Killed Sigmund
  1880 | D:3      | Reached skill level 5 in Dodging
  1880 | D:3      | Reached XP level 5. HP: 25/25 MP: 5/5
  1880 | D:3      | Reached XP level 6. HP: 30/30 MP: 6/6
  1970 | D:3      | Killed Terence
  2104 | D:3      | Found a sacrificial altar of Ru.
  2217 | D:3      | Reached skill level 5 in Stealth
  2241 | D:3      | Found a blossoming altar of Fedhas.
  2572 | D:4      | Got a sheer robe
  2573 | D:4      | Identified the +0 robe of Calculation {MP+9 Str+3} (You found it on level 4 of the Dungeon)
  2676 | D:4      | Reached XP level 7. HP: 33/33 MP: 7/7
  2727 | D:4      | Found Soocohik's Armour Shop.
  2838 | D:4      | Noticed Duvessa
  2869 | D:4      | Killed Duvessa
  2889 | D:4      | Noticed Dowan
  2900 | D:4      | Noticed Pikel
  2931 | D:4      | Noticed Grinder
  3108 | D:5      | Entered Level 5 of the Dungeon
  3163 | D:5      | Killed Dowan
  3413 | D:4      | Killed Pikel
  3413 | D:4      | Reached skill level 5 in Short Blades
  3413 | D:4      | Reached XP level 8. HP: 37/37 MP: 8/8
  3869 | D:5      | Found a glowing golden altar of the Shining One.
  4385 | D:5      | Reached XP level 9. HP: 42/44 MP: 9/9
  4519 | D:5      | Found a white marble altar of Elyvilon.
  4519 | D:5      | Found an ancient bone altar of Kikubaaqudgha.
  4684 | D:6      | Found a staircase to the Ecumenical Temple.
  4888 | Temple   | Entered the Ecumenical Temple
  5034 | Temple   | Became a worshipper of Gozag Ym Sagoz the Greedy
  5138 | D:6      | Found a shattered altar of Ashenzari.
  5142 | D:6      | Saw a vision of the Swamp and the Snake Pit.
  5142 | D:6      | Noticed a shock serpent
  5142 | D:6      | Noticed an alligator
  5142 | D:6      | Noticed an alligator
  5142 | D:6      | Noticed a black mamba
  5142 | D:6      | Noticed an alligator
  5142 | D:6      | Noticed a black mamba
  5143 | D:6      | Noticed an anaconda
  5560 | D:7      | Found a stormy altar of Qazlal.
  5774 | D:7      | Reached skill level 5 in Fighting
  5817 | D:7      | Found a blossoming altar of Fedhas.
  5841 | D:7      | Reached skill level 10 in Throwing
  5844 | D:7      | Identified a scroll of acquirement
  5899 | D:7      | Bought 2 potions of might for 136 gold pieces
  5901 | D:7      | Bought a potion of mutation for 42 gold pieces
  5901 | D:7      | Gained mutation: You are frail (-10% HP). [potion of mutation]
  5901 | D:7      | Gained mutation: You sometimes yell uncontrollably at your foes. [potion of mutation]
  5901 | D:7      | Gained mutation: You are dopey. (Int -2) [potion of mutation]
  5906 | D:7      | Bought a glowing hunting sling for 39 gold pieces
  5906 | D:7      | Bought a glowing blowgun for 65 gold pieces
  5906 | D:7      | Bought a runed dagger for 52 gold pieces
  5906 | D:7      | Bought a glowing dagger for 52 gold pieces
  6278 | D:7      | Reached XP level 10. HP: 24/45 MP: 10/10
  6535 | D:7      | Reached skill level 10 in Dodging
  6704 | D:7      | Bought a glowing rapier for 72 gold pieces
  6704 | D:7      | Bought a glowing rapier for 72 gold pieces
  6738 | D:7      | Found a shadowy altar of Dithmenos.
  7268 | D:8      | Noticed a moth of wrath
  7271 | D:8      | Found a bloodstained altar of Trog.
  7688 | D:8      | Killed from afar by an orc wizard

Skill      XL: |  1  2  3  4  5  6  7  8  9 10 |
---------------+-------------------------------+-----
Stealth        | 2 3 4 5 |  5.0
Short Blades   | 1 2 5 6 7 |  7.2
Dodging        | 4 5 7 8 9 10 | 10.3
Throwing       | 5 6 7 8 10 | 10.5
Fighting       | 3 5 |  5.3

Action                   |  1- 3 |  4- 6 |  7- 9 | 10-12 || total
-------------------------+-------+-------+-------+-------++-------
Melee: Short sword       |    57 |    31 |    50 |       ||   138
       Rapier            |       |       |    18 |    54 ||    72
       Whip              |       |       |   160 |       ||   160
       Dagger            |       |       |    16 |   108 ||   124
 Fire: Blowgun           |       |    55 |   152 |    30 ||   237
       Hunting sling     |       |    44 |    92 |    46 ||   182
Throw: Tomahawk          |    76 |       |       |     1 ||    77
       Throwing net      |     6 |     1 |     2 |       ||     9
Invok: Call Merchant     |       |       |     3 |     1 ||     4
  Use: Scroll            |     8 |     6 |     9 |     2 ||    25
       Potion            |     5 |     3 |     4 |     1 ||    13
 Stab: Sleeping          |     1 |     3 |     2 |     2 ||     8
       Held in net/web   |     1 |       |       |       ||     1
       Confused          |       |       |     1 |       ||     1
       Distracted        |       |       |       |     3 ||     3
  Eat: Pizza             |       |       |     7 |       ||     7
Armor: Troll hide        |     3 |       |       |       ||     3
       Troll leather arm |     9 |     6 |    44 |     6 ||    65
Dodge: Dodged            |    60 |    62 |   305 |   104 ||   531
